 Dungeon Crawl Stone Soup version 0.17-a0-737-gf0a300a (console) character file.

17493 Monkaria the Protected (level 12, -3/74 HPs)
             Began as a Demonspawn Chaos Knight on May 8, 2015.
             Killed from afar by a fire drake (12 damage)
             ... with a blast of flame
             ... in a volcano.
             The game lasted 00:36:54 (15071 turns).

Monkaria the Protected (Demonspawn Chaos Knight)   Turns: 15071, Time: 00:36:55

Health: -3/74      AC: 13    Str: 17    XL:     12   Next: 19%
Magic:  12/12      EV: 30    Int: 16    God:    Xom [...*..]
Gold:   871        SH:  0    Dex: 27    Spells: 0 memorised, 11 levels left

rFire  + . .     SeeInvis +     G - +5 scimitar {chaos, Int+3 Dex+6}
rCold  + . .     Clarity  +     E - +1 ring mail "Xuerr" {rF+ MR+ Int+2}
rNeg   . . .     SustAb   .     (no shield)
rPois  .         Gourm    +     (helmet restricted)
rElec  .         Spirit   .     m - +0 cloak {MR+}
rCorr  .         Warding  .     g - +0 pair of gloves
rMut   .         Stasis   .     (no boots)
MR     ++...                    v - amulet of the gourmand
Stlth  ++........               (no ring)
                                k - +3 ring of evasion

@: agile, very resistant to hostile enchantments, unstealthy
A: horns 1, slimy green scales 1, see invisible, agile 1, clarity, cold
resistance 1, dopey 1, frail 1, icemail, powered by death 1, spit poison 2, wild
magic 1, freezing cloud immunity
a: Spit Poison, Renounce Religion


You were in a volcano.
You worshipped Xom.
You were a favourite toy of Xom.
You were not hungry.

You visited 3 branches of the dungeon, and saw 15 of its levels.
You also visited: Volcano.

You collected 871 gold pieces.

Inventory:

Hand weapons
 q - a +4 scimitar of flaming
 G - the +5 scimitar "Undertaker" (weapon) {chaos, Int+3 Dex+6}
   (Xom gifted it to you in the Ecumenical Temple)

   Each time it hits an enemy it has a different, random effect.
   It affects your intelligence (+3).
   It affects your dexterity (+6).
 M - a +0 blowgun
 Y - a +2 long sword of venom
Missiles
 N - 63 poisoned needles
 P - 4 tomahawks of dispersal (quivered)
Armour
 g - a +0 pair of gloves (worn)
 m - a +0 cloak of magic resistance (worn)
 E - the +1 ring mail "Xuerr" (worn) {rF+ MR+ Int+2}
   (You found it on level 4 of the Dungeon)

   It affects your intelligence (+2).
   It protects you from fire.
   It affects your resistance to hostile enchantments.
 H - the +0 scale mail of Zoerhucw {rPois rC++ MP+9 Int+4}
   (Xom gifted it to you on level 5 of the Dungeon)

   It affects your intelligence (+4).
   It greatly protects you from cold.
   It protects you from poison.
   It affects your magic capacity (+9).
Rods
 F - a +4 rod of inaccuracy (9/9)
   (Xom gifted it to you on level 7 of the Dungeon)
Jewellery
 h - an uncursed amulet of faith
 k - a +3 ring of evasion (left hand)
 v - an amulet of the gourmand (around neck)
Magical devices
 b - a wand of fireball (1)
 n - a wand of paralysis (13)
 o - a wand of random effects (5)
 u - a wand of draining (6)
 y - a wand of lightning (6)
 z - a wand of fireball (0)
 R - a wand of fireball (10)
 W - a wand of fire (4)
Scrolls
 i - a scroll of fog
 r - 6 scrolls of teleportation
 w - 3 scrolls of remove curse
 J - a scroll of blinking
 O - a scroll of enchant weapon
 Q - 2 scrolls of amnesia
 U - 3 scrolls of silence {unknown}
 X - a scroll of acquirement {unknown}
Potions
 d - 3 potions of haste
 e - 2 potions of invisibility
 p - 2 potions of lignification
 C - a potion of agility
 D - 2 potions of restore abilities
 I - a potion of poison {unknown}
 K - a potion of cure mutation {unknown}
 L - 3 potions of curing
 V - a potion of might
Books
 a - the Catalogue of Enchantment and Confrontation
   (You found it on level 2 of the Lair of Beasts)

   Spells                             Type                      Level
   a - Ensorcelled Hibernation        Hexes/Ice                    2
   b - Dazzling Spray                 Conjuration/Hexes            3
   c - Confuse                        Hexes                        3
   d - Gell's Gravitas                Hexes/Translocation          3
   e - Cause Fear                     Hexes                        4
   f - Iskenderun's Battlesphere      Conjuration/Charms           5
 t - a book of Changes

   Spells                             Type                      Level
   a - Beastly Appendage              Transmutation                1
   b - Sticks to Snakes               Transmutation                2
   c - Spider Form                    Transmutation/Poison         3
   d - Ice Form                       Ice/Transmutation            4
   e - Blade Hands                    Transmutation                5
 x - a book of Clouds

   Spells                             Type                      Level
   a - Mephitic Cloud                 Conjuration/Poison/Air       3
   b - Conjure Flame                  Conjuration/Fire             3
   c - Poisonous Cloud                Conjuration/Poison/Air       6
   d - Freezing Cloud                 Conjuration/Ice/Air          6
   e - Ring of Flames                 Charms/Fire                  7
Comestibles
 c - 10 bread rations
 f - a royal jelly
 j - a beef jerky
 s - a meat ration
 A - a slice of pizza
 B - 8 fruits


   Skills:
 - Level 4.0 Fighting
 + Level 10.9 Long Blades
 - Level 11.3 Armour
 - Level 10.1 Dodging


You had 11 spell levels left.
You didn't know any spells.

Dungeon Overview and Level Annotations

Branches:
Dungeon (9/15)             Temple (1/1) D:5            Lair (5/8) D:8
 Shoals (0/5) Lair:5          Orc (0/4) D:9
  Snake: Lair:3-6    Spider: Lair:3-6

Altars:
Ashenzari
Cheibriados
Dithmenos
Elyvilon
Fedhas
Gozag
Kikubaaqudgha
Makhleb
Nemelex Xobeh
Okawaru
Qazlal
Ru
Sif Muna
Trog
Vehumet
Xom
Yredelemnul
Zin
The Shining One


Innate Abilities, Weirdness & Mutations

You have a pair of small horns on your head.
You are partially covered in slimy green scales (AC +2).
Your flesh is cold resistant.
A meltable icy envelope protects you from harm (AC +0).
You can steal the life force of nearby defeated enemies.
You are immune to freezing clouds.
You have supernaturally acute eyesight.
You are agile. (Dex +2)
You possess an exceptional clarity of mind.
You are dopey. (Int -2)
You are frail (-10% HP).
You can spit poison.
Your spells are a little harder to cast, but a little more powerful.


Message History

You feel much better.
The fire drake bites you but does no damage.
The manticore barely misses you. The manticore claws you.
* * * LOW HITPOINT WARNING * * *
The manticore claws you.
* * * LOW HITPOINT WARNING * * *
Drink which item? (? for menu, Esc to quit)
You feel agile all of a sudden. The fire drake closely misses you.
The manticore bites you!
* * * LOW HITPOINT WARNING * * *
The manticore closely misses you. x2
The fire drake completely misses you.
Drink which item? (? for menu, Esc to quit)
You feel better. The manticore misses you. The manticore claws you.
* * * LOW HITPOINT WARNING * * *
The manticore claws you but does no damage.
The fire drake breathes flames at you. The blast of flame hits you! You resist.
You die...
Xom guffaws!

#).#.### ###...≈§§§≈§§≈
##.#.#)## #...§§≈§≈≈≈≈
#.###.#)# ###...≈§§≈≈§
#.≈#)#.## ###...≈§§§≈≈
#.§##)#.#####8....§§§§≈≈
#.≈≈###...+........≈§§≈≈
#.§≈..#######8....§.§≈≈§
#.≈§§≈≈#k## ####........
#......@Hb# ##.#.....
#########.# ########
!)![.....# /_(.....#
)![.....# #########


You could see a manticore, a fire drake and a fire bat.

Vanquished Creatures
  2 hydras (Lair:3)
  Erolcha (D:9)
  Erica (Lair:2)
  A griffon (Lair:5)
  6 statues (Volcano)
  The ghost of Ngotmuk the Chopper, an experienced DDFi of Ru (D:7)
  The ghost of Boomshaker the Conjurer, an experienced DEFE of Vehumet (D:5)
  Joseph (D:8)
  2 komodo dragons
  4 spiny frogs
  A fire drake (Volcano)
  An efreet (Volcano)
  Grinder (D:5)
  Eustachio (D:5)
  13 yaks
  4 fire bats (Volcano)
  A basilisk (Lair:3)
  A human (D:7)
  3 hippogriffs
  Edmund (D:4)
  6 porcupines
  The ghost of Boomshaker the Magician, an average DEFE (D:3)
  A wasp (D:8)
  An ice beast (D:6)
  2 sky beasts
  6 water moccasins
  3 ogres (D:9)
  3 black bears
  An eye of draining (D:9)
  3 centaurs
  A boring beetle (Lair:3)
  A big kobold (D:7)
  3 crocodiles
  6 giant frogs
  2 scorpions
  A quasit (Lair:2)
  6 crimson imps
  2 giant frog zombies
  7 iguanas
  4 lava snakes (Volcano)
  5 orc priests (D:9)
  A hell rat (D:8)
  2 jellies
  Crazy Yiuf (D:2)
  Ijyb (D:2)
  4 hounds
  A centaur zombie (D:8)
  3 centaur skeletons
  15 orc wizards
  Terence (D:2)
  Natasha (thrice) (D:2)
  A killer bee zombie (D:8)
  5 worker ants
  10 sheep
  A hound skeleton (D:4)
  24 river rats
  2 worker ant zombies
  11 adders
  6 gnolls
  4 shadow imps
  2 oozes
  3 worms (D:2)
  4 giant geckos
  51 orcs
  14 bats
  A bat zombie (D:5)
  6 goblins
  16 hobgoblins
  20 kobolds
  8 quokkas
  13 giant cockroaches
  7 giant newts
  8 jackals
  34 rats
395 creatures vanquished.

Vanquished Creatures (collateral kills)
  An orc warrior (D:6)
  A phantom (D:5)
2 creatures vanquished.

Vanquished Creatures (others)
  An iron imp (D:6)
1 creature vanquished.

Grand Total: 398 creatures vanquished

Notes
Turn   | Place    | Note
--------------------------------------------------------------
     0 | D:1      | Monkaria, the Demonspawn Chaos Knight, began the quest for the Orb.
     0 | D:1      | Reached XP level 1. HP: 18/18 MP: 1/1
    94 | D:1      | XOM: potion effect (might)
   102 | D:1      | Gained mutation: Your flesh is cold resistant. [demonic ancestry]
   102 | D:1      | Reached XP level 2. HP: 21/24 MP: 2/2
   281 | D:1      | XOM: divination: magic mapping
   341 | D:1      | Reached skill level 4 in Fighting
   425 | D:1      | Reached XP level 3. HP: 30/30 MP: 3/3
   634 | D:2      | XOM: stealth player
   858 | D:2      | Found a radiant altar of Vehumet.
   924 | D:2      | Noticed Crazy Yiuf
   948 | D:2      | Killed Crazy Yiuf
   948 | D:2      | Gained mutation: You are immune to freezing clouds. [demonic ancestry]
   948 | D:2      | Reached XP level 4. HP: 6/37 MP: 4/4
  1146 | D:2      | XOM: colour smoke trail
  1183 | D:2      | Found a stormy altar of Qazlal.
  1183 | D:2      | Noticed Ijyb
  1184 | D:2      | Noticed Terence
  1187 | D:2      | XOM: enchant monster (good)
  1193 | D:2      | XOM: enchant monster (good)
  1208 | D:2      | XOM: potion effect (invisibility)
  1213 | D:2      | Killed Terence
  1217 | D:2      | XOM: mild Erth miscast
  1234 | D:2      | Killed Ijyb
  1446 | D:2      | Gained mutation: A meltable icy envelope protects you from harm (AC +0). [demonic ancestry]
  1446 | D:2      | Reached XP level 5. HP: 42/42 MP: 5/5
  1481 | D:2      | XOM: mild Hex miscast
  1543 | D:2      | Noticed Natasha
  1554 | D:2      | Killed Natasha
  1633 | D:2      | Found a blossoming altar of Fedhas.
  1633 | D:2      | Found a bloodstained altar of Trog.
  1667 | D:2      | Noticed Natasha
  1673 | D:2      | Killed Natasha
  1674 | D:2      | XOM: silly message
  1677 | D:2      | Noticed Natasha
  1680 | D:2      | Reached skill level 5 in Long Blades
  1684 | D:2      | Killed Natasha
  2339 | D:3      | XOM: scenery: create altars
  2420 | D:3      | Found an opulent altar of Gozag.
  2490 | D:3      | XOM: harmless Chrm miscast
  2743 | D:3      | Noticed Boomshaker's ghost (average DEFE)
  2743 | D:3      | XOM: potion effect (berserk rage)
  2754 | D:3      | Killed Boomshaker's ghost
  2754 | D:3      | Reached skill level 6 in Long Blades
  2754 | D:3      | Reached XP level 6. HP: 48/48 MP: 6/6
  3120 | D:4      | XOM: divination: magic mapping
  3307 | D:4      | XOM: medium Ice miscast
  3350 | D:4      | Got a shimmering ring mail
  3361 | D:4      | Identified the +1 ring mail "Xuerr" {rF+ MR+ Int+2} (You found it on level 4 of the Dungeon)
  3736 | D:4      | Noticed Edmund
  3787 | D:4      | XOM: potion effect (brilliance)
  3790 | D:4      | XOM: confuse monster(s)
  3832 | D:4      | Killed Edmund
  3832 | D:4      | Reached skill level 7 in Long Blades
  3832 | D:4      | Reached XP level 7. HP: 54/54 MP: 7/7
  3961 | D:4      | XOM: colour smoke trail
  4006 | D:4      | XOM: harmless Chrm miscast
  4102 | D:4      | XOM: harmless Ice miscast
  4137 | D:5      | Entered Level 5 of the Dungeon
  4261 | D:5      | XOM: give mutations
  4261 | D:5      | Gained mutation: You are frail (-10% HP). [Xom's mischief]
  4261 | D:5      | Gained mutation: You are very frail (-20% HP). [Xom's mischief]
  4278 | D:5      | Noticed Grinder
  4281 | D:5      | XOM: snakes to sticks
  4315 | D:5      | Paralysed by Grinder for 2 turns
  4322 | D:5      | XOM: fake destruction
  4334 | D:5      | XOM: cast spell 'Blink'
  4343 | D:5      | XOM: butterfly on damage
  4348 | D:5      | Killed Grinder
  4641 | D:5      | Noticed Boomshaker's ghost (experienced DEFE)
  4643 | D:5      | XOM: cast spell 'Excruciating Wounds'
  4654 | D:5      | XOM: enchant monster (good)
  4661 | D:6      | XOM: destruction
  4879 | D:6      | XOM: harmless Necr miscast
  4981 | D:6      | Gained mutation: You are partially covered in slimy green scales (AC +2). [demonic ancestry]
  4981 | D:6      | Reached XP level 8. HP: 45/48 MP: 8/8
  5031 | D:6      | XOM: divination: magic mapping
  5034 | D:6      | Reached skill level 5 in Armour
  5038 | D:6      | Gained mutation: Your spells are a little easier to cast, but a little less powerful. [potion of mutation]
  5038 | D:6      | Gained mutation: You have a pair of small horns on your head. [potion of mutation]
  5038 | D:6      | Gained mutation: You possess an exceptional clarity of mind. [potion of mutation]
  5087 | D:6      | XOM: scenery: 1 doors close
  5131 | D:6      | XOM: 1-stop teleportation journey
  5155 | D:6      | XOM: 2-stop teleportation journey
  5188 | D:6      | XOM: swap monsters
  5233 | D:6      | XOM: enchant monster (good)
  5261 | D:6      | XOM: summons 2 friendly demons
  5322 | D:6      | XOM: summons 5 friendly demons
  5633 | D:6      | Found a deep blue altar of Sif Muna.
  5640 | D:6      | XOM: summons friendly blue devil
  5853 | D:5      | XOM: divination: detect creatures
  5873 | D:5      | XOM: summons 4 friendly demons
  5876 | D:5      | Reached skill level 8 in Armour
  5911 | D:5      | XOM: divination: magic mapping
  5919 | D:5      | Found a staircase to the Ecumenical Temple.
  5941 | Temple   | Entered the Ecumenical Temple
  6064 | Temple   | XOM: 1-stop teleportation journey
  6095 | Temple   | XOM: 1-stop teleportation journey
  6133 | Temple   | XOM: 2-stop teleportation journey
  6137 | Temple   | XOM: god gift: slimy scimitar {god gift}
  6140 | Temple   | Got a slimy scimitar {god gift}
  6143 | Temple   | Identified the +5 scimitar "Undertaker" {chaos, Int+3 Dex+6} (Xom gifted it to you in the Ecumenical Temple)
  6281 | D:5      | XOM: scenery: 1 doors close
  6301 | D:5      | XOM: god gift: slimy scale mail {god gift}
  6302 | D:5      | Got a slimy scale mail {god gift}
  6313 | D:5      | Identified the +0 scale mail of Zoerhucw {rPois rC++ MP+9 Int+4} (Xom gifted it to you on level 5 of the Dungeon)
  6401 | D:5      | XOM: give mutations
  6401 | D:5      | Gained mutation: You can spit weak poison. [Xom's grace]
  6401 | D:5      | Gained mutation: You are agile. (Dex +2) [Xom's grace]
  6401 | D:5      | Gained mutation: You can spit poison. [Xom's grace]
  6401 | D:5      | Gained mutation: You have supernaturally acute eyesight. [Xom's grace]
  6517 | D:5      | Noticed Eustachio
  6527 | D:5      | Killed Eustachio
  6527 | D:5      | Reached XP level 9. HP: 46/52 MP: 9/9
  6622 | D:5      | Killed Boomshaker's ghost
  6622 | D:5      | Reached skill level 9 in Armour
  6655 | D:7      | Noticed Ngotmuk's ghost (experienced DDFi)
  6975 | D:7      | XOM: 1-stop teleportation journey
  7064 | D:7      | Found a flagged portal.
  7110 | D:7      | XOM: god gift: thick smoking rod {god gift}
  7175 | D:7      | XOM: give mutations
  7175 | D:7      | Gained mutation: You are somewhat resistant to further mutation. [Xom's grace]
  7175 | D:7      | Gained mutation: Your flesh is heat resistant. [Xom's grace]
  7201 | D:7      | XOM: vitrification
  7301 | D:7      | XOM: silly message
  7311 | D:7      | Lost mutation: Your spells are a little easier to cast, but a little less powerful. [mutagenic meat]
  7337 | D:7      | Killed Ngotmuk's ghost
  7337 | D:7      | Reached skill level 10 in Armour
  7745 | D:7      | XOM: colour smoke trail
  7866 | D:8      | XOM: cast spell 'Metabolic Englaciation'
  7893 | D:8      | XOM: harmless Air miscast
  7898 | D:8      | Found a basalt altar of Yredelemnul.
  7939 | D:8      | XOM: smoke on damage
  7954 | D:8      | Identified a +4 rod of inaccuracy (9/9) (Xom gifted it to you on level 7 of the Dungeon)
  7965 | D:8      | Found a staircase to the Lair.
  8171 | D:8      | XOM: god gift: scroll of enchant armour
  8182 | D:8      | Reached skill level 11 in Armour
  8376 | D:8      | Noticed Joseph
  8394 | D:8      | Killed Joseph
  8394 | D:8      | Reached XP level 10. HP: 56/56 MP: 10/10
  8473 | D:8      | XOM: god gift: glowing triple sword {god gift}
  8682 | D:8      | Reached skill level 1 in Dodging
  8692 | D:8      | XOM: 3-stop teleportation journey
  8812 | D:9      | Found a staircase to the Orcish Mines.
  9072 | D:9      | XOM: potion effect (invisibility)
  9087 | D:9      | XOM: enchant monster (bad)
  9102 | D:9      | Reached skill level 5 in Dodging
  9179 | D:9      | Found a shattered altar of Ashenzari.
  9271 | D:9      | Noticed Erolcha
  9278 | D:9      | XOM: summons 3 hostile shadow creatures
  9284 | D:9      | Killed Erolcha
  9380 | D:9      | XOM: colour smoke trail
  9391 | D:9      | XOM: mild Chrm miscast
  9574 | Lair:1   | Entered Level 1 of the Lair of Beasts
  9944 | Lair:1   | XOM: harmless Fire miscast
 10305 | Lair:2   | Identified the Catalogue of Enchantment and Confrontation
 10360 | Lair:2   | XOM: torment (9/56 hp)
 10366 | Lair:2   | Gained mutation: You can steal the life force of nearby defeated enemies. [demonic ancestry]
 10366 | Lair:2   | Reached XP level 11. HP: 10/61 MP: 11/11
 10928 | Lair:2   | XOM: mild Conj miscast
 10933 | Lair:2   | HP: 2/61 [komodo dragon (8)]
 10952 | Lair:2   | XOM: noise
 10961 | Lair:2   | XOM: confuse monster(s)
 11185 | Lair:2   | XOM: chaos cloud
 11581 | Lair:2   | Noticed Erica
 11581 | Lair:2   | XOM: summons 4 hostile demons
 11591 | Lair:2   | XOM: enchant monster (bad)
 11602 | Lair:2   | Killed Erica
 11808 | Lair:2   | XOM: smoke on damage
 12058 | Lair:2   | XOM: give mutation
 12058 | Lair:2   | Gained mutation: You are dopey. (Int -2) [Xom's mischief]
 12261 | Lair:3   | Noticed a four-headed hydra
 12261 | Lair:3   | XOM: divination: detect items
 12269 | Lair:3   | Killed a one-headed hydra
 12269 | Lair:3   | Reached skill level 10 in Dodging
 12282 | Lair:3   | Noticed a six-headed hydra
 12293 | Lair:3   | XOM: enchant monster (bad)
 12303 | Lair:3   | XOM: chaos cloud
 12322 | Lair:3   | XOM: butterfly on damage
 12333 | Lair:3   | Killed a one-headed hydra
 12518 | Lair:3   | XOM: stat loss: -1 Str (14/15)
 12565 | Lair:3   | XOM: chaos cloud
 12572 | Lair:3   | XOM: blink monster(s)
 12767 | Lair:3   | XOM: medium Necr miscast
 12773 | Lair:3   | XOM: summons 5 hostile shadow creatures
 13369 | Lair:3   | XOM: colour smoke trail
 13531 | Lair:4   | Gained mutation: Your spells are a little harder to cast, but a little more powerful. [potion of mutation]
 13534 | Lair:4   | XOM: 9-stop teleportation journey
 13860 | Lair:4   | XOM: give mutations
 13860 | Lair:4   | Lost mutation: You have a pair of small horns on your head. [Xom's mischief]
 13860 | Lair:4   | Lost mutation: You are very frail (-20% HP). [Xom's mischief]
 13860 | Lair:4   | Lost mutation: Your flesh is heat resistant. [Xom's mischief]
 13860 | Lair:4   | Lost mutation: You are somewhat resistant to further mutation. [Xom's mischief]
 14051 | Lair:5   | Found an opulent altar of Gozag.
 14182 | Lair:1   | XOM: colour smoke trail
 14331 | Lair:5   | Found a staircase to the Shoals.
 14336 | Lair:5   | XOM: 1-stop teleportation journey
 14386 | Lair:5   | Found a dark tunnel.
 14389 | Lair:5   | XOM: polymorph hippogriff -> golden eye
 14400 | Volcano  | Entered a volcano
 14465 | Volcano  | XOM: blink monster(s)
 14486 | Volcano  | XOM: summons 2 hostile shadow creatures
 14547 | Volcano  | XOM: chaos cloud
 14548 | Volcano  | Reached skill level 10 in Long Blades
 14548 | Volcano  | Gained mutation: You have a pair of small horns on your head. [demonic ancestry]
 14548 | Volcano  | Reached XP level 12. HP: 37/74 MP: 12/12
 14548 | Volcano  | Paralysed by you for 7 turns
 14550 | Volcano  | XOM: potion effect (curing)
 14553 | Volcano  | HP: 3/74 [lasher statue/whip of flaming (14)]
 14638 | Volcano  | XOM: mild Air miscast
 14850 | Volcano  | XOM: medium Fire miscast
 14871 | Volcano  | XOM: noise
 14876 | Volcano  | XOM: confuse monster(s)
 15030 | Volcano  | XOM: god gift: 4 tomahawks of dispersal
 15055 | Volcano  | Found a shimmering altar of Xom.
 15070 | Volcano  | HP: 3/74 [manticore (12)]
 15071 | Volcano  | Killed from afar by a fire drake

Action                   |  1- 3 |  4- 6 |  7- 9 | 10-12 || total
-------------------------+-------+-------+-------+-------++-------
Melee: Falchion          |    85 |   348 |    17 |       ||   450
       Long sword        |       |       |   247 |   278 ||   525
       Scimitar          |       |       |   157 |   449 ||   606
       Unarmed           |       |       |       |     1 ||     1
Evoke: Wand              |       |     1 |     4 |     6 ||    11
       Rod               |       |       |       |     3 ||     3
  Use: Scroll            |       |     4 |    11 |    11 ||    26
       Potion            |       |       |     2 |     7 ||     9
 Stab: Paralysed         |     1 |    17 |     2 |     6 ||    26
       Petrified         |     1 |     6 |     3 |     1 ||    11
       Confused          |     1 |       |     1 |     6 ||     8
       Sleeping          |     1 |       |       |       ||     1
       Invisible         |       |     4 |       |     3 ||     7
       Petrifying        |       |       |     3 |     1 ||     4
  Eat: Chunk             |       |    11 |    21 |    37 ||    69
